 Dungeon Crawl Stone Soup version 0.18-a0-1197-g8004e50 (webtiles) character file.

37 Kidiri the Magician (level 3, 0/19 HPs)
             Began as a Deep Elf Earth Elementalist on Jan 29, 2016.
             Slain by a gnoll
             ... wielding a +0 flail
              (12 damage)
             ... on level 2 of the Dungeon on Jan 30, 2016.
             The game lasted 00:11:47 (1672 turns).

Kidiri the Magician (Deep Elf Earth Elementalist)   Turns: 1672, Time: 00:11:47

Health: 0/19       AC:  4    Str:  5    XL:     3   Next: 23%
Magic:  2/9        EV:  6    Int: 20    God:
Gold:   19         SH:  0    Dex: 15    Spells: 3 memorised, 2 levels left

rFire  . . .     SeeInvis .     b - 87 stones
rCold  . . .     Gourm    .     g - +0 leather armour
rNeg   . . .     Faith    .     (no shield)
rPois  .         Spirit   .     (no helmet)
rElec  .         Dismiss  .     (no cloak)
rCorr  .         Reflect  .     e - +0 pair of gloves
SustAt .         Harm     .     (no boots)
MR     .....                    (no amulet)
Stlth  ++........               (no ring)
                                (no ring)

@: very slightly contaminated, held, not resistant to hostile enchantments,
unstealthy
A: no striking features
a: no special abilities


You were on level 2 of the Dungeon.
You were not hungry.

You visited 1 branch of the dungeon, and saw 2 of its levels.

You collected 19 gold pieces.

Inventory:

Hand Weapons
 j - a +0 dagger
Missiles
 b - 87 stones (in hand)
Armour
 e - a +0 pair of gloves (worn)
 g - a +0 leather armour (worn)
Scrolls
 f - a scroll of remove curse {unknown}
Potions
 i - a potion of cure mutation
Books
 c - a book of Geomancy

   Spells                             Type                      Level
   a - Sandblast                      Earth                        1
   b - Stoneskin                      Transmutation/Earth          2
   c - Passwall                       Transmutation/Earth          3
   d - Stone Arrow                    Conjuration/Earth            3
   e - Petrify                        Transmutation/Earth          4
   f - Lee's Rapid Deconstruction     Earth                        5
Comestibles
 a - 3 slices of pizza
 d - a bread ration


   Skills:
 + Level 0.1 Fighting
 + Level 0.4 Armour
 * Level 3.0 Dodging
 + Level 2.9 Stealth
 * Level 3.4 Spellcasting
 + Level 1.7 Transmutations
 * Level 3.4 Earth Magic


You had 2 spell levels left.
You knew the following spells:

 Your Spells              Type           Power        Failure   Level  Hunger
a - Sandblast             Erth           ###...       8%          1    None
b - Stoneskin             Trmt/Erth      ##......     14%         2    ##.....
c - Passwall              Trmt/Erth      ##........   28%         3    ###....


Dungeon Overview and Level Annotations

Branches:
Dungeon (2/15)

Altars:


Message History

Aim: a gnoll, wielding a flail You miscast Sandblast.
Motes of dust swirl before your eyes.
The gnoll shouts!
Casting: Sandblast
Confirm with . or Enter, or press ? or * to list all spells.
Aiming: Sandblast
Press: ? - help, Shift-Dir - straight line, f/p - gnoll
Aim: a gnoll, wielding a flail The rocky blast hits the gnoll.
The gnoll hits you with a flail!
A rat comes into view.
Casting: Sandblast
Confirm with . or Enter, or press ? or * to list all spells.
Aiming: Sandblast
Press: ? - help, Shift-Dir - straight line, f/p - gnoll
Aim: a gnoll, wielding a flail The rocky blast hits the gnoll.
The gnoll is moderately wounded.
The gnoll hits you with a flail!
Ouch! That really hurt!
You die...

#......# #......#
###....(.#.
#####..........#
......#......###
#####...##.....
##########.##..####
..................
######@#####..##.
#g# .# #S# .. #g#
.. #g# . #.r ...
#..


You could see 3 gnolls, a ball python and a rat.

Vanquished Creatures
  An adder (D:2)
  A worm (D:2)
  A giant cockroach (D:1)
  3 goblins
  3 hobgoblins (D:1)
  4 jackals (D:1)
  2 ball pythons (D:1)
  2 bats (D:1)
  2 kobolds (D:1)
  7 rats
26 creatures vanquished.

Notes
Turn   | Place    | Note
--------------------------------------------------------------
     0 | D:1      | Kidiri the Deep Elf Earth Elementalist began the quest for the Orb.
     0 | D:1      | Reached XP level 1. HP: 10/10 MP: 6/6
   499 | D:1      | Reached XP level 2. HP: 15/15 MP: 6/8
   503 | D:1      | Learned a level 2 spell: Stoneskin
   591 | D:1      | Upgraded the game from 0.18-a0-1195-g77a4f03 to 0.18-a0-1197-g8004e50
  1461 | D:2      | Reached XP level 3. HP: 5/19 MP: 2/9
  1569 | D:2      | Learned a level 3 spell: Passwall
  1672 | D:2      | Slain by a gnoll

Vault maps used:
D:1:      minmay_arrival_stone_box
D:2:      kennysheep_big_empty_room, uniq_robin, uniq_natasha

Action                   || total
-------------------------++-------
Melee: Club              ||    14
 Cast: Sandblast         ||    58
       Stoneskin         ||     3
  Use: Scroll            ||     5
       Potion            ||     2
 Stab: Sleeping          ||     2
  Eat: Chunk             ||     2
